 Dungeon Crawl Stone Soup version 0.16.1-14-g82efdee (webtiles) character file.

30 KarvaRausku the Firebug (level 3, -4/29 HPs)
             Began as a Draconian Wanderer on Apr 12, 2015.
             Slain by Sigmund
             ... wielding a +0 scythe
              (8 damage)
             ... on level 2 of the Dungeon.
             The game lasted 00:02:41 (1008 turns).

KarvaRausku the Firebug (Draconian Wanderer)        Turns: 1008, Time: 00:02:41

Health: -4/29      AC:  5    Str: 15    XL:     3   Next: 5%
Magic:  3/3        EV: 11    Int: 14    God:
Gold:   49         SH:  0    Dex: 12    Spells: 0 memorised, 2 levels left

rFire  . . .     SeeInvis .     a - +2 hand axe
rCold  . . .     Clarity  .     (armour unavailable)
rNeg   . . .     SustAb   .     (no shield)
rPois  .         Gourm    .     (helmet restricted)
rElec  .         Spirit   .     (no cloak)
rCorr  .         Warding  .     (no gloves)
rMut   .         Rnd*Tele +     (no boots)
MR     .....                    (no amulet)
Stlth  +.........               g - +4 ring of dexterity (curse)
                                e - ring of teleportation (curse)

@: not resistant to hostile enchantments, very unstealthy
A: unfitting armour, cold-blooded, AC +5
a: Evoke Teleportation


You were on level 2 of the Dungeon.
You were not hungry.

You visited 1 branch of the dungeon, and saw 2 of its levels.

You collected 49 gold pieces.

Inventory:

Hand weapons
 a - a +2 hand axe (weapon)
Jewellery
 e - a cursed ring of teleportation (left hand)
 g - a cursed +4 ring of dexterity (right hand)
 i - an uncursed ring of protection from fire {unknown}
Scrolls
 h - a scroll of identify {unknown}
 j - a scroll of immolation {unknown}
Potions
 d - a potion of ambrosia
Books
 b - Iskenderun's Incunabulum of Attacks

   Spells                             Type                      Level
   a - Magic Dart                     Conjuration                  1
   b - Mephitic Cloud                 Conjuration/Poison/Air       3
 c - Yloag's Tome of the Volcanoes

   Spells                             Type                      Level
   a - Flame Tongue                   Conjuration/Fire             1
   b - Inner Flame                    Hexes/Fire                   3
Comestibles
 f - 2 bread rations
 k - a slice of pizza
 l - a meat ration
 m - 3 fruits


   Skills:
 - Level 2.1 Fighting
 + Level 3.0 Axes
   Level 2.0 Shields
   Level 5.0 Fire Magic


You had 2 spell levels left.
You didn't know any spells.

Dungeon Overview and Level Annotations

Branches:
Dungeon (2/15)

Altars:
The Shining One

Annotations:
D:2 Sigmund


Innate Abilities, Weirdness & Mutations

Your plain brown scales are hard (AC +5).
Your body does not fit into most forms of armour.
Your cold-blooded metabolism reacts poorly to cold.


Message History

Sigmund misses you.
The quokka twitches its whiskers.
You bump into the rock wall.
Sigmund barely misses you.
Sigmund mumbles some strange words.
Sigmund flickers and vanishes!
Deactivating autopickup; reactivate with Ctrl-A.
Something hits you!
You bump into the rock wall.
Something hits you but does no damage. Something hits you.
You feel less confused. Something hits you!
* * * LOW HITPOINT WARNING * * *
You see here a sedimented brown potion.
n - a sedimented brown potion Drink which item? (? for menu, Esc to quit)
It was a potion of cancellation.
You feel magically purged.
The quokka bites you but does no damage.
Something hits you!
You die...

#.#.# #.#.# #.#.#
###.#.# # #...#?# ...
##.#.#.####..#
######...........#
.............r...##
######.....#@..#.#
##...#.....#.# .
#..........## . ###
#.#.........# . ..
#...........## .
.....####.#............
.#..........##.......#
#
...##..####.###.....##
# ..# #.# ##....# #


You could see a quokka.

Vanquished Creatures
  A worm (D:2)
  A giant gecko (D:1)
  A giant cockroach (D:1)
  3 goblins (D:1)
  3 hobgoblins (D:1)
  4 bats
  2 giant newts (D:1)
  5 kobolds (D:1)
  6 rats
26 creatures vanquished.

Notes
Turn   | Place    | Note
--------------------------------------------------------------
     0 | D:1      | KarvaRausku, the Draconian Wanderer, began the quest for the Orb.
     0 | D:1      | KarvaRausku set off with: a +2 hand axe, Iskenderun's Incunabulum of Attacks, Yloag's Tome of the Volcanoes, a bread ration
     0 | D:1      | Reached XP level 1. HP: 17/17 MP: 1/1
     4 | D:1      | Identified Iskenderun's Incunabulum of Attacks
     4 | D:1      | Identified Yloag's Tome of the Volcanoes
   283 | D:1      | Reached XP level 2. HP: 15/24 MP: 2/2
   627 | D:2      | Found a glowing golden altar of the Shining One.
   699 | D:2      | Reached XP level 3. HP: 3/29 MP: 3/3
   983 | D:2      | Noticed Sigmund
  1008 | D:2      | Slain by Sigmund

Action                   || total
-------------------------++-------
Melee: Hand axe          ||    65
  Use: Potion            ||     2
